 Dungeon Crawl Stone Soup version 0.26.1-2-gb8aa6d0cf2 (webtiles) character file.

Game seed: 8373303125020054284

142 FishyPogo the Distorting Demonspawn (level 5, -11/41 HPs)
             Began as a Demonspawn Abyssal Knight on Feb 9, 2021.
             Was a Believer of Lugonu.
             Engulfed by a cloud of flame (20 damage)
             ... on level 3 of the Dungeon on Feb 10, 2021.
             The game lasted 00:12:31 (3417 turns).

FishyPogo the Distorting Demonspawn (DsAK)          Turns: 3417, Time: 00:12:32

Health: -11/41     AC:  8    Str: 12    XL:     5   Next: 3%
Magic:  0/8        EV: 10    Int: 14    God:    Lugonu [**....]
Gold:   92         SH:  5    Dex: 13    Spells: 4/4 levels left

rFire    . . .     SeeInvis .   a - +1 falchion
rCold    + . .     Faith    .   c - +1 buckler
rNeg     . . .     Spirit   +   j - +0 scale mail
rPois    .         Reflect  .   g - +0 helmet
rElec    .         Harm     .   (no cloak)
rCorr    .         Rampage  .   (no gloves)
Will     .....                  n - +0 pair of boots
Stlth    ++........             (no amulet)
HPRegen  0.13/turn              d - ring of stealth
MPRegen  0.11/turn              (no ring)

@: no status effects
A: cold resistance 1, magic shield, sturdy frame 1
a: Renounce Religion, Depart the Abyss, Bend Space


You were on level 3 of the Dungeon.
You worshipped Lugonu.
Lugonu was pleased with you.
You visited 1 branch of the dungeon, and saw 3 of its levels.
You visited the Abyss 1 time.

You collected 92 gold pieces.

Inventory:

Hand Weapons
 a - a +1 falchion (weapon)
 o - a +1 short sword of draining
Armour
 b - a +0 leather armour
 c - a +1 buckler (worn)
 g - a +0 helmet (worn)
 j - a +0 scale mail (worn)
 n - a +0 pair of boots (worn)
Jewellery
 d - a ring of stealth (left hand)
Scrolls
 h - a scroll of immolation
 k - a scroll of remove curse
Potions
 i - a potion of might


   Skills:
 - Level 3.0 Fighting
 + Level 2.2 Long Blades
 + Level 2.5 Armour
 + Level 2.1 Dodging
 + Level 1.3 Stealth
 * Level 1.3 Shields
 * Level 4.0 Invocations


You had 4 spell levels left.
You didn't know any spells.
Your spell library was empty.

Dungeon Overview and Level Annotations

Branches:
Dungeon (3/15)

Altars:

Annotations:
D:3 Grinder


Innate Abilities, Weirdness & Mutations

Your flesh is cold resistant. (rC+)
When hurt, damage is shared between your health and your magic reserves.
Your movements are slightly less encumbered by armour. (ER -2)


Message History

You hit something.
Flame seeps out of something. x2
Something hits you but does no damage.
Really walk into that cloud of flame? [Y]es or [N]o only, please.
Really walk into that cloud of flame?
Okay, then.
There is a strange disturbance nearby!
There is a strange disturbance nearby!
You closely miss something. Lugonu accepts your kill.
Reactivating autopickup.
You feel a bit more experienced.
The orc wizard explodes!
The fiery explosion engulfs you!
* * * LOW HITPOINT WARNING * * *
You hear a shout! x3
Your Invocations skill increases to level 4!
You have reached level 5!
You are engulfed in blazing flames.
You die...

### # ..#
.### #.#
o.. #.#
#.##ยง#
#.##..#@#
#.......#
#####.###
#.# #.#
#.# ####
#.# ...
#.#
####.###
#.#


There were no monsters in sight!

Vanquished Creatures
  Terence (D:2)
  An orc wizard (D:3)
  Robin (D:2)
  An adder (D:2)
  An ufetubus (Abyss:2)
  A worm (D:2)
  4 dart slugs
  2 giant cockroaches
  12 goblins
  8 hobgoblins
  8 jackals
  8 kobolds
  A ball python (D:1)
  4 bats
  3 frilled lizards (D:1)
  A rat (D:2)
57 creatures vanquished.

Notes
Turn   | Place    | Note
-------+----------+-------------------------------------------
     0 | Abyss:1  | FishyPogo the Demonspawn Abyssal Knight began the quest for
                  | the Orb.
     0 | Abyss:1  | Reached XP level 1. HP: 18/18 MP: 2/2
    26 | Abyss:1  | Noticed a large abomination
    26 | Abyss:1  | Noticed a silent spectre
    26 | Abyss:1  | Noticed a great orb of eyes
    27 | Abyss:1  | Noticed a freezing wraith
    77 | Abyss:2  | Reached skill level 1 in Dodging
    87 | Abyss:2  | Noticed a quasit
    95 | D:1      | Escaped the Abyss
   181 | D:1      | Gained mutation: Your flesh is cold resistant. (rC+)
                  | [demonic ancestry]
   181 | D:1      | Reached XP level 2. HP: 22/24 MP: 4/4
   268 | D:3      | Noticed Grinder
   308 | D:2      | Noticed Terence
   424 | D:2      | Reached skill level 3 in Invocations
   615 | D:2      | Gained mutation: When hurt, damage is shared between your
                  | health and your magic reserves. [demonic ancestry]
   615 | D:2      | Reached XP level 3. HP: 22/29 MP: 5/5
   762 | D:1      | Reached ** piety under Lugonu
  1897 | D:2      | Noticed Robin
  1921 | D:2      | HP: 1/29 [goblin/+0 club[Robin] (1)]
  2292 | D:2      | Reached skill level 1 in Stealth
  2292 | D:2      | Gained mutation: Your movements are slightly less
                  | encumbered by armour. (ER -2) [demonic ancestry]
  2292 | D:2      | Reached XP level 4. HP: 23/35 MP: 4/6
  2537 | D:2      | Killed Robin
  3069 | D:2      | Killed Terence
  3070 | D:2      | Reached skill level 1 in Shields
  3417 | D:3      | Reached skill level 4 in Invocations
  3417 | D:3      | Reached XP level 5. HP: 9/41 MP: 1/8
  3417 | D:3      | Engulfed by a cloud of flame

Illustrated notes

Levels and vault maps discovered:
D:1:      dpeg_arrival_houses_and_road, layout_basic
D:2:      layout_loops_ring, uniq_robin, uniq_terence
D:3:      layout_loops_cross, overflow_temple_1_default,
          fedhas_altar_fruit_tree, uniq_grinder, uniq_crazy_yiuf_cottage,
          uniq_sigmund

Skill      XL: |  1  2  3  4 |
---------------+-------------+-----
Dodging        | 1 2 |  2.1
Armour         | 2 |  2.5
Invocations    | 3 4 |  4.0
Long Blades    | 2 |  2.2
Stealth        | 1 |  1.3
Shields        | 1 |  1.3
Fighting       | |  3.0

Action                   |  1- 3 |  4- 6 || total
-------------------------+-------+-------++-------
Melee: Falchion          |   151 |    79 ||   230
Invok: Bend Space        |     1 |       ||     1
  Use: Scroll            |     2 |     5 ||     7
       Potion            |     2 |       ||     2
 Stab: Sleeping          |     7 |       ||     7
       Fleeing           |     1 |       ||     1
Armor: Leather armour    |    44 |    14 ||    58
       Scale mail        |       |    16 ||    16
Dodge: Dodged            |    96 |    29 ||   125
Block: Buckler           |    24 |    16 ||    40
       Rpst.: Falchion   |    30 |     6 ||    36
